 Dungeon Crawl Stone Soup version 0.30-a0-414-gcb316572d5 (webtiles) character file.

Game seed: 17348956198116013673

6836 NinjaNoafa the Nimble (level 11, 0/95 HPs)
             Began as a Merfolk Gladiator on Dec 7, 2022.
             Was a Priest of Okawaru.
             Slain by an orc warlord
             ... wielding a +6 broad axe
              (20 damage)
             ... in a bailey.
             The game lasted 00:18:15 (7416 turns).

NinjaNoafa the Nimble (Merfolk Gladiator)           Turns: 7416, Time: 00:18:15

Health: 0/95       AC: 13    Str: 17    XL:     11   Next: 5%
Magic:  9/11       EV: 23    Int:  9    God:    Okawaru [***...]
Gold:   411        SH: 10    Dex: 23    Spells: 10/10 levels left

rFire   + . .      SeeInvis .    J - +1 demon trident (venom)
rCold   x . .      Faith    .    L - +3 buckler {AC+3}
rNeg    . . .      Spirit   .    I - +0 ring mail "Poblizub" {Will+ Str+3}
rPois   .          Reflect  .    c - +0 helmet
rElec   .          Harm     .    s - +1 cloak
rCorr   .          Rampage  .    H - +0 pair of gloves
Will    ++...                    (no boots)
Stlth   +++.......               u - amulet of regeneration
HPRegen 1.15/turn                m - ring of willpower
MPRegen 0.12/turn                f - ring of Sucoab {Fire Dex+4}

@: heroic
A: (nimble swimmer 2), mertail
a: Renounce Religion, Heroism


You were in a bailey.
You worshipped Okawaru.
Okawaru was most pleased with you.
You visited 2 branches of the dungeon, and saw 9 of its levels.
You also visited: Bailey.

You collected 411 gold pieces.

Inventory:

Hand Weapons
 J - a +1 demon trident of venom (weapon)
Missiles
 g - 70 stones
 o - 9 poisoned darts
Armour
 c - a +0 helmet (worn)
 s - a +1 cloak (worn)
 H - a +0 pair of gloves (worn)
 I - the +0 ring mail "Poblizub" (worn) {Will+ Str+3}
   (You found it on level 6 of the Dungeon)

   Str:       It affects your strength (+3).
   Will:      It increases your willpower.
 L - a +3 buckler of protection (worn)
Jewellery
 f - the ring of Sucoab (right hand) {Fire Dex+4}
   (You found it on level 8 of the Dungeon)

   [ring of fire]

   It enhances your fire magic.
   Dex:       It affects your dexterity (+4).
   rF:        It protects you from fire.
   rC:        It makes you vulnerable to cold.
 m - a ring of willpower (left hand)
 u - an amulet of regeneration (around neck)
Wands
 E - a wand of flame (22) (quivered)
Scrolls
 h - a scroll of blinking
 l - 2 scrolls of vulnerability {unknown}
 n - a scroll of teleportation {unknown}
 w - 2 scrolls of fear {unknown}
 y - a scroll of amnesia {unknown}
 B - 2 scrolls of butterflies {unknown}
 D - a scroll of enchant weapon {unknown}
Potions
 b - a potion of invisibility
 i - 3 potions of flight
 k - a potion of magic {unknown}
 p - 5 potions of haste
 q - a potion of degeneration
 r - 4 potions of mutation
 t - 2 potions of brilliance
 v - 2 potions of curing
 z - a potion of berserk rage
 C - 2 potions of lignification
 F - a potion of might {unknown}


   Skills:
 + Level 11.7(16.7) Fighting
 - Level 8.0(13.0) Short Blades
 + Level 7.8(12.8) Polearms
 - Level 2.0(7.0) Throwing
 - Level 12.0(17.0) Dodging
 - Level 4.0(9.0) Shields


You had 10 spell levels left.
You didn't know any spells.
Your spell library contained the following spells:

 Spells                   Type           Power      Damage    Failure   Level
 Kiss of Death            Conj/Necr      0%         2d5       65%         1
 Sandblast                Erth           0%         2d4       65%         1
 Passwall                 Tmut/Erth      0%         N/A       78%         2
 Confusing Touch          Hex            0%         N/A       95%         3
 Dazzling Flash           Conj/Hex       0%         N/A       95%         3
 Stone Arrow              Conj/Erth      0%         3d7       95%         3
 Dispel Undead            Necr           0%         3d6       100%        4
 Iskenderun's Mystic Bla  Conj/Tloc      0%         2d3       100%        4
 Starburst                Conj/Fire      0%         6d3       100%        6


Dungeon Overview and Level Annotations

Branches:
Dungeon (8/15)             Temple (1/1) D:4            Lair (0/5) D:8
 Bailey (1/1)

Altars:
Ashenzari
Cheibriados
Elyvilon
Fedhas
Gozag
Hepliaklqana
Kikubaaqudgha
Makhleb
Okawaru
Qazlal
Ru
Sif Muna
Trog
Vehumet
Wu Jian
Xom
Yredelemnul
Zin
The Shining One

Shops:
D:4 *


Innate Abilities, Weirdness & Mutations

((You are very nimble when in or above water. (Stealth+, EV+, Speed+++)))
Your lower body shifts to a powerful aquatic tail in water.


Message History

The orc warrior explodes!
The fiery explosion engulfs the orc warrior!!!
You kill the orc warrior!
Okawaru accepts your kill.
The orc knight suddenly cheers.
The orc knight is engulfed in blazing flames.
You block the orc knight's attack.
The orc warlord is engulfed in blazing flames.
There is an open door, spattered with blood here.
You see here a wand of charming (23).
Okay, then.
The orc knight is engulfed in blazing flames.
The orc warlord is engulfed in blazing flames.
You gain the combat prowess of a mighty hero.
The orc knight closely misses you.
The orc warlord is engulfed in blazing flames.
You miss the orc knight.
The orc knight is moderately wounded.
The orc warlord is engulfed in blazing flames.
You hit the orc warlord but do no damage.
The orc warlord is poisoned.
The orc warlord is moderately wounded.
The orc knight hits you with a +0 war axe!!
The orc warlord hits you with a +6 broad axe!
You impale the orc knight!!
The orc knight looks as sick as possible!
The orc knight is severely wounded.
The orc warlord attacks as you move away!
The orc warlord hits you with a +6 broad axe!!!
* * * LOW HITPOINT WARNING * * *
The orc knight misses you.
You feel much better. The orc knight closely misses you.
The orc warlord hits you with a +6 broad axe!!
* * * LOW HITPOINT WARNING * * *
The orc knight misses you.
You feel much better.
The orc knight hits you with a +0 war axe!!
* * * LOW HITPOINT WARNING * * *
The orc warlord hits you with a +6 broad axe!!
You die...

### *## ###.### ###.##
###.....### ###.....
##.........###.......
#..........)#........
#..........)'........
#.....⌠....)#.....⌠..
#...........#........
#..o@.......#........
###oo.......###.......
###.#o#.....###.###.....
###...☼o###.###.....###.##
##.....))..###.......,,###.
#.....○....8##o......,,,#..
#..........8#oo......,,,#..
#∩....⌠.....'.o......,,,#..
#.......)).8#........,,,#..


You could see an orc warlord (strong, very poisoned), an orc knight (strong,
very poisoned), 2 orc warriors and an orc (strong).

Vanquished Creatures
  Pikel (D:6)
  2 orc knights (Bailey)
  Grinder (D:6)
  2 wyverns (D:8)
  2 wargs (D:8)
  2 ice beasts
  15 orc warriors
  3 black bears
  2 ogres
  A lemure (D:6)
  3 phantoms
  2 centaurs
  2 kobold brigands
  3 bullfrogs
  2 scorpions
  A gnoll sergeant (D:7)
  A wyvern zombie (D:5)
  5 necrophages
  A water moccasin zombie (D:5)
  7 wights
  2 howler monkeys
  A bullfrog zombie (D:5)
  A jelly (D:5)
  4 orc priests
  4 hounds
  A human zombie (D:5)
  3 iguanas
  5 orc wizards
  A scorpion zombie (D:5)
  2 hound zombies (D:5)
  A mummy (D:5)
  2 howler monkey zombies (D:5)
  12 gnolls
  7 adders
  A shadow imp (D:5)
  An ufetubus (D:5)
  A worm (D:4)
  3 dart slugs
  44 orcs
  2 bats
  9 endoplasms
  3 giant cockroaches
  18 goblins
  14 hobgoblins
  5 jackals
  11 kobolds
  6 quokkas
  6 ball pythons
  2 frilled lizards
  3 rats
233 creatures vanquished.

Vanquished Creatures (others)
  2 kobolds (D:6)
2 creatures vanquished.

Grand Total: 235 creatures vanquished

Notes
Turn   | Place    | Note
-------+----------+-------------------------------------------
     0 | D:1      | NinjaNoafa the Merfolk Gladiator began the quest for the
                  | Orb.
     0 | D:1      | Reached XP level 1. HP: 16/16 MP: 1/1
    78 | D:1      | Reached XP level 2. HP: 7/22 MP: 2/2
   435 | D:1      | Reached XP level 3. HP: 15/27 MP: 3/3
   437 | D:1      | Reached skill level 5 in Short Blades
  1394 | D:3      | Reached XP level 4. HP: 33/34 MP: 4/4
  1513 | D:3      | Reached skill level 1 in Shields
  1531 | D:3      | Reached XP level 5. HP: 16/40 MP: 5/5
  1787 | D:3      | Reached skill level 5 in Dodging
  1921 | D:3      | Reached XP level 6. HP: 47/47 MP: 6/6
  2523 | D:4      | Found a staircase to the Ecumenical Temple.
  2532 | Temple   | Entered the Ecumenical Temple
  2532 | Temple   | Found a transporter.
  2532 | Temple   | Found a transporter.
  2534 | Temple   | Found a transporter.
  2534 | Temple   | Found a transporter.
  2834 | D:4      | Reached skill level 6 in Dodging
  2834 | D:4      | Reached XP level 7. HP: 49/54 MP: 7/7
  2939 | D:4      | Found Mumpyiz's Assorted Antiques.
  2955 | D:4      | Found a burning altar of Makhleb.
  3251 | D:5      | Entered Level 5 of the Dungeon
  3363 | D:5      | HP: 2/55 [black bear (1)]
  3483 | D:5      | Reached skill level 5 in Fighting
  3520 | D:5      | Reached XP level 8. HP: 55/62 MP: 8/8
  4116 | D:5      | Reached skill level 7 in Dodging
  4194 | D:5      | Found an ancient bone altar of Kikubaaqudgha.
  4372 | D:6      | Noticed Grinder
  4427 | D:5      | Reached skill level 8 in Dodging
  4427 | D:5      | Reached XP level 9. HP: 37/71 MP: 9/9
  4460 | D:6      | Paralysed by Grinder for 4 turns
  4619 | D:6      | Paralysed by Grinder for 5 turns
  4620 | D:6      | Killed Grinder
  4804 | D:6      | Found an opulent altar of Gozag.
  4926 | D:6      | Reached skill level 9 in Dodging
  5195 | D:6      | Noticed Pikel
  5235 | D:6      | Killed Pikel
  5236 | D:6      | Reached skill level 10 in Dodging
  5366 | D:6      | Identified the +0 ring mail "Poblizub" {Will+ Str+3}
  5516 | Temple   | Became a worshipper of Warmaster Okawaru
  5973 | D:6      | Reached skill level 1 in Polearms
  6170 | D:6      | Reached XP level 10. HP: 47/79 MP: 10/10
  6216 | D:7      | Reached skill level 10 in Fighting
  6301 | D:7      | Reached * piety under Okawaru
  6405 | D:7      | HP: 4/82 [poisoned by a gnoll sergeant]
  6605 | D:7      | Reached skill level 11 in Dodging
  6647 | D:7      | Found a glowing golden altar of the Shining One.
  6835 | D:8      | Identified the ring of Sucoab {Fire Dex+4}
  6868 | D:8      | Found a staircase to the Lair.
  7009 | D:8      | Reached ** piety under Okawaru
  7020 | D:8      | Reached skill level 5 in Polearms
  7028 | D:8      | Found a flagged portal.
  7036 | Bailey   | Entered a bailey
  7150 | Bailey   | Noticed an orc knight
  7164 | Bailey   | Killed an orc knight
  7165 | Bailey   | Reached skill level 12 in Dodging
  7177 | Bailey   | Reached *** piety under Okawaru
  7243 | Bailey   | Noticed an orc knight
  7279 | Bailey   | Killed an orc knight
  7280 | Bailey   | Reached XP level 11. HP: 50/93 MP: 11/11
  7382 | Bailey   | Noticed an orc warlord
  7383 | Bailey   | Noticed an orc knight
  7416 | Bailey   | Slain by an orc warlord

Illustrated notes

Levels and vault maps discovered:
D:1:      matt_arrival_los_fun, layout_rooms
D:2:      layout_loops_ring, serial_bayou_pond_e
D:3:      layout_basic, grunt_ministairs_9, minmay_diced_spiral
D:4:      layout_gridville, lightli_temple_of_fire,
          minmay_temple_entry_statues_pillars, serial_shops,
          nicolae_shop_advertising_works [nicolae_subvault_shop_adworks]
D:5:      layout_gridville, lemuel_mausoleum_altar_kikubaaqudgha,
          hangedman_abyss_or_decor_stabs
D:6:      layout_loops_ring, grunt_gozag_breadcrumbs, uniq_pikel, uniq_grinder
D:7:      layout_rooms, mainiacjoe_overflow_alcove_4,
          kennysheep_cross_bottleneck, st_stairs_1
D:8:      layout_rooms, erik_lair_orcish_takeover, nicolae_ossuary_entry_giza,
          serial_rivers, chequers_serial_rivers_micro_d,
          chequers_serial_rivers_micro_c, chequers_serial_rivers_micro_c,
          chequers_serial_rivers_micro_a, chequers_serial_rivers_large_b,
          enter_bailey_3, serial_bayou_lake_a
Temple:   hellmonk_temple_divided_pantheon
Bailey:   bailey_axe_minmay_hex_keep, bailey

Skill      XL: |  1  2  3  4  5  6  7  8  9 10 |
---------------+-------------------------------+-----
Short Blades   | 4 5 6 7 8 |  8.0
Shields        | 1 2 4 |  4.0
Fighting       | 3 4 5 7 9 11 | 11.7
Dodging        | 5 6 8 10 12 | 12.0
Polearms       | 2 7 |  7.8
Throwing       | |  2.0

Action                   |  1- 3 |  4- 6 |  7- 9 | 10-12 || total
-------------------------+-------+-------+-------+-------++-------
Melee: Rapier            |    59 |       |       |       ||    59
       Punch             |     1 |       |       |       ||     1
       Dagger            |    31 |   192 |   533 |       ||   756
       Demon trident     |       |       |    37 |   257 ||   294
Throw: Throwing net      |     3 |       |       |       ||     3
       Javelin           |     1 |       |     2 |     2 ||     5
       Stone             |       |       |       |     4 ||     4
       Boomerang         |       |       |       |     2 ||     2
Invok: Heroism           |       |       |       |     1 ||     1
Evoke: Wand              |       |       |       |     7 ||     7
  Use: Potion            |     3 |     2 |       |     7 ||    12
       Scroll            |       |       |       |    12 ||    12
 Stab: Invisible         |     4 |       |       |     2 ||     6
       Sleeping          |     3 |       |       |     1 ||     4
Armor: Leather armour    |    22 |    39 |    72 |       ||   133
       Ring mail         |       |       |    15 |    55 ||    70
Dodge: Dodged            |    62 |    95 |   325 |   238 ||   720
Block: Buckler           |     4 |    39 |   129 |   129 ||   301

Table legend: (Time is in decaauts)
 A = Elapsed time spent in this place.
 B = Non-inter-level travel time spent in this place.
 C = Inter-level travel time spent in this place.
 D = Time resting spent in this place.
 E = Time spent auto-exploring this place.
 F = Levels seen in this place.
 G = Mean time per level.
                   A        B        C        D        E       F      G
               +--------+--------+--------+--------+--------+-----+--------+
         Total |   7193 |   6425 |    768 |    124 |   4530 |  10 |  719.3 |
       Dungeon |   6676 |   5993 |    683 |    124 |   4328 |   8 |  834.5 |
        Temple |    124 |     39 |     85 |      0 |      6 |   1 |  124.0 |
        Bailey |    392 |    392 |      0 |      0 |    196 |   1 |  392.0 |
               +--------+--------+--------+--------+--------+-----+--------+

Top non-repeatable levels by time:
     D:5: 1285 daAuts
     D:6: 1187 daAuts
     D:4: 1104 daAuts
     D:3: 864 daAuts
     D:1: 745 daAuts
     D:7: 670 daAuts
     D:2: 614 daAuts
  Bailey: 392 daAuts
     D:8: 204 daAuts
  Temple: 124 daAuts
